 Dungeon Crawl Stone Soup version 0.30-a0-586-g23e55c9e0a (webtiles) character file.

Game seed: 14621015918826429480

9212 wormed the Nimble (level 11, -1/89 HPs)
             Began as a Gnoll Wanderer on Jan 4, 2023.
             Was an Initiate of Yredelemnul.
             Hit by a large rock thrown by a cyclops (27 damage)
             ... on level 10 of the Dungeon.
             The game lasted 00:17:39 (11464 turns).

wormed the Nimble (Gnoll Wanderer)                 Turns: 11464, Time: 00:17:40

Health: -1/89      AC:  9    Str: 14    XL:     11   Next: 43%
Magic:  21/21      EV: 16    Int: 11    God:    Yredelemnul [......]
Gold:   941        SH:  0    Dex: 16    Spells: 24/24 levels left

rFire   . . .      SeeInvis +    E - +6 spear of Bacutz {flame, rElec Int-2 Stlth+}
rCold   . . .      Faith    .    (no shield)
rNeg    + + .      Spirit   .    w - +2 leather armour {rN+}
rPois   +          Reflect  .    (no helmet)
rElec   +          Harm     .    o - +1 cloak
rCorr   .          Rampage  .    (no gloves)
Will    .....                    I - +0 pair of boots
Stlth   +                        v - amulet "Nyosuix" {rElec Regen+ Dex+4 SInv Stlth-}
HPRegen 1.14/turn                l - ring of positive energy
MPRegen 0.17/turn                H - ring of poison resistance

@: confused, ambrosia-drunk, marked
A: fangs 1, strong nose, distributed training
a: Renounce Religion, Recall Undead Harvest


You were on level 10 of the Dungeon.
You worshipped Yredelemnul.
Yredelemnul was noncommittal.
You visited 1 branch of the dungeon, and saw 11 of its levels.
You also visited: Sewer.

You collected 941 gold pieces.

Inventory:

Hand Weapons
 x - a +1 demon whip of venom
 E - the +6 spear of Bacutz (weapon) {flame, rElec Int-2 Stlth+}
   (You found it on level 6 of the Dungeon)

   It burns those it strikes, dealing additional fire damage.
   Int:       It affects your intelligence (-2).
   rElec:     It insulates you from electricity.
   Stlth:     It makes you more stealthy.
Missiles
 b - 2 throwing nets
 j - 14 poisoned darts
 k - 4 curare-tipped darts
 B - 2 atropa-tipped darts
Armour
 o - a +1 cloak (worn)
 w - a +2 leather armour of positive energy (worn)
 I - a +0 pair of boots (worn)
Jewellery
 l - a ring of positive energy (left hand)
 v - the amulet "Nyosuix" (around neck) {rElec Regen+ Dex+4 SInv Stlth-}
   (You acquired it on level 8 of the Dungeon)

   [amulet of regeneration]

   Dex:       It affects your dexterity (+4).
   rElec:     It insulates you from electricity.
   SInv:      It lets you see invisible.
   Regen:     It increases your rate of health regeneration.
   Stlth:     It makes you less stealthy.
 H - a ring of poison resistance (right hand)
Wands
 n - a wand of digging (13)
 p - a wand of flame (8) (quivered)
Scrolls
 c - 2 scrolls of silence
 d - a scroll of fear
 e - a scroll of fog
 h - a scroll of blinking
 t - a scroll of identify
 y - 5 scrolls of amnesia
 D - a scroll of immolation
 G - a scroll of poison
Potions
 f - a potion of degeneration
 g - 5 potions of flight
 i - 3 potions of curing
 m - 2 potions of haste
 q - 3 potions of mutation
 r - a potion of berserk rage
 s - 5 potions of lignification
 u - 2 potions of ambrosia
 z - a potion of cancellation {unknown}
 A - 3 potions of attraction {unknown}
 C - a potion of brilliance {unknown}
 F - 2 potions of experience {unknown}


   Skills:
 + Level 9.3 Fighting
 + Level 6.5 Short Blades
 + Level 6.5 Long Blades
 + Level 6.5 Axes
 + Level 6.5 Maces & Flails
 + Level 6.5 Polearms
 + Level 6.5 Staves
 + Level 6.5 Ranged Weapons
 + Level 6.5 Throwing
 + Level 6.5 Armour
 + Level 9.3 Dodging
 + Level 7.0 Stealth
 + Level 6.5 Shields
 + Level 6.5 Unarmed Combat
 + Level 7.2 Spellcasting
 + Level 5.4 Conjurations
 + Level 5.4 Hexes
 + Level 5.4 Summonings
 + Level 5.4 Necromancy
 + Level 5.4 Translocations
 + Level 5.4 Transmutations
 + Level 6.7 Fire Magic
 + Level 5.4 Ice Magic
 + Level 5.4 Air Magic
 + Level 5.4 Earth Magic
 + Level 5.4 Poison Magic
 + Level 7.1 Invocations
 + Level 6.5 Evocations


You had 24 spell levels left.
You didn't know any spells.
Your spell library contained the following spells:

 Spells                   Type           Power      Damage    Failure   Level
 Foxfire                  Conj/Fire      68%        2x1d7     1%          1
 Apportation              Tloc           30%        N/A       2%          1
 Blink                    Tloc           30%        N/A       3%          2
 Momentum Strike          Conj/Tloc      30%        3d8       3%          2
 Kindle Blastsparks       Fire/Tloc/Air  32%        2d12      6%          3
 Gell's Gravitas          Tloc           15%        N/A       7%          3
 Lesser Beckoning         Tloc           30%        N/A       7%          3
 Ozocubu's Armour         Ice            15%        N/A       7%          3
 Teleport Other           Tloc           15%        N/A       7%          3
 Fulminant Prism          Conj/Hex       7%         3d6       22%         4
 Iskenderun's Mystic Bla  Conj/Tloc      15%        2d5       22%         4
 Alistair's Intoxication  Tmut/Pois      10%        N/A       54%         5
 Lee's Rapid Deconstruct  Erth           7%         3d7*      54%         5
 Metabolic Englaciation   Hex/Ice        7%         N/A       54%         5
 Simulacrum               Ice/Necr       Unusable   N/A       N/A         6

Dungeon Overview and Level Annotations

Branches:
Dungeon (11/15)            Temple (0/1) D:7            Lair (0/5) D:10
  Sewer (visited)
    Orc: D:9-12

Altars:
Gozag
Hepliaklqana
Okawaru
Vehumet
Yredelemnul
Zin

Annotations:
D:11 4 transporters


Innate Abilities, Weirdness & Mutations

You have very sharp teeth.
Your uncanny sense of smell can sniff out nearby items.
Your experience applies equally to all skills.


Message History

You set off the alarm!
The alarm trap emits a blaring wail!
A sentinel's mark forms upon you.
You hear a shout! x3; You hear a bellow! x3; You hear a howl!
A centaur warrior comes into view. It is wielding a +1 whip of holy wrath.
There is a stone staircase leading down here.
The centaur warrior unwields a +1 whip of holy wrath.
It stops glowing.
The centaur warrior wields a +0 shortbow.
The centaur warrior shoots an arrow.
The arrow completely misses you.
The centaur warrior shoots an arrow.
The arrow hits you.
You climb downwards.
Level annotation: 4 transporters
There is a stone staircase leading up here.
There are monsters nearby!
You climb upwards.
The centaur warrior shoots an arrow.
The arrow closely misses you.
There is a stone staircase leading down here.
The centaur warrior shoots an arrow.
The arrow hits you!
A human comes into view. It is wielding a +0 flail.
The centaur warrior shoots an arrow.
The arrow completely misses you.
The centaur warrior shoots an arrow.
The arrow hits you!
A shadow comes into view.
The centaur warrior shoots an arrow.
The arrow hits you!
The centaur warrior shoots an arrow.
The arrow hits you!!
* * * LOW HITPOINT WARNING * * *
Blink to where?
Press: ? - help, Dir - move target
As you read the scroll of blinking, it crumbles to dust.
As you read the scroll of teleportation, it crumbles to dust.
You feel strangely unstable.
It was a potion of ambrosia.
You are confused.
You feel invigorated.
Your surroundings suddenly seem different.
A cyclops comes into view.
You bump into the rock wall.
The cyclops throws a large rock.
The large rock hits you!!
You die...
Your body rises from the dead as a mindless zombie.

#....).Z.##......Z...##.######OD
##......ZZ##.....##...##......hâ—‹#
.#..##....###..........>Z........
.(..#.....##.....................
...##.....#..........##........##
......##......##.............###
#.....##.....###........#..###
.##...##..#...#...........##
#.........#.....@.......###
#.........##.###.##...###.
...(.......#.##..h..###...
.............h....###.....
...)......#.....###.....#
..##......##.#..Z.Y...#
..........####CO###o...#
...........#...o. ##....)
##.#.............. #...


You could see a two-headed ogre, a cyclops, a howler monkey and an orc wizard.

Vanquished Creatures
  2 two-headed ogres
  Amaemon (D:9)
  Maggie (D:7)
  A gargoyle (D:9)
  A hornet (D:9)
  Prince Ribbit (D:8)
  2 wyverns (D:8)
  6 yaks
  2 humans (D:10)
  A vampire mosquito (D:10)
  5 orc warriors
  2 sky beasts
  4 centaurs
  2 lemures (D:4)
  A kobold brigand (D:9)
  3 phantoms
  A bullfrog (D:6)
  A necrophage (D:4)
  A scorpion (D:5)
  5 killer bees (D:8)
  4 howler monkeys
  2 jellies
  3 hounds
  7 orc priests
  A gnoll bouda (D:6)
  7 orc wizards
  Natasha (D:4)
  4 iguanas
  14 gnolls
  10 adders
  2 river rats (D:6)
  A white imp (D:8)
  2 ufetubi
  2 worms
  31 orcs
  5 endoplasms
  8 giant cockroaches
  5 hobgoblins
  A jackal (D:4)
  8 kobolds
  7 quokkas
  10 ball pythons
  7 bats
  8 frilled lizards
  3 goblins
  12 rats
208 creatures vanquished.

Vanquished Creatures (collateral kills)
  A hydra (D:10)
  Pikel (D:4)
  An orange demon (D:9)
  A merfolk (shapeshifter) (D:9)
  A human (D:10)
  A lemure (D:4)
  2 bullfrogs (Sewer)
  A killer bee (D:8)
  2 howler monkeys (D:10)
  An orc priest (D:7)
  Natasha (twice) (D:4)
  2 orc wizards (D:7)
  A gnoll (D:6)
  5 adders
  A shadow imp (D:6)
  An ufetubus (D:6)
  An orc zombie (D:8)
  A worm (D:6)
  6 orcs
  4 ball pythons
  2 giant cockroaches (Sewer)
  2 jackals (D:4)
  A quokka (Sewer)
  2 bats
  6 frilled lizards
  A kobold (D:1)
50 creatures vanquished.

Vanquished Creatures (others)
  A hornet zombie (D:9)
  A vampire mosquito zombie (D:10)
  A yak zombie (D:10)
  2 centaur zombies
  3 killer bee zombies (D:8)
  3 hound zombies
  3 howler monkey zombies
  A worm zombie (D:6)
  4 adder zombies
  2 felid zombies (D:4)
  3 bat zombies
  8 gnoll zombies
  7 ball python zombies
  An endoplasm zombie (D:1)
  4 frilled lizard zombies
  2 giant cockroach zombies
  A goblin zombie (D:1)
  2 jackal zombies (D:4)
  5 kobold zombies
  18 orc zombies
  4 rat zombies
  A river rat zombie (D:6)
  16 plants (D:1)
93 creatures vanquished.

Grand Total: 351 creatures vanquished

Notes
Turn   | Place    | Note
-------+----------+-------------------------------------------
     0 | D:1      | wormed the Gnoll Wanderer began the quest for the Orb.
     0 | D:1      | wormed set off with the following items: a +0 dagger, 2
                  | throwing nets, a scroll of silence, a scroll of fear, a +0
                  | leather armour; and the following spell memorised: Foxfire;
                  | and the following spells available to memorise: Kindle
                  | Blastsparks.
     0 | D:1      | Reached XP level 1. HP: 23/23 MP: 4/4
   125 | D:1      | Found a faded altar of an unknown god.
   156 | D:1      | Prayed at the altar of an unknown god.
   156 | D:1      | Became a worshipper of Yredelemnul the Dark
   156 | D:1      | Reached * piety under Yredelemnul
   180 | D:1      | Reached XP level 2. HP: 26/29 MP: 5/5
  1289 | D:2      | Reached XP level 3. HP: 32/35 MP: 7/7
  1447 | D:2      | Reached skill level 1 in Invocations
  1592 | D:2      | Reached skill level 1 in Short Blades
  1592 | D:2      | Reached skill level 1 in Long Blades
  1592 | D:2      | Reached skill level 1 in Axes
  1592 | D:2      | Reached skill level 1 in Maces & Flails
  1592 | D:2      | Reached skill level 1 in Polearms
  1592 | D:2      | Reached skill level 1 in Staves
  1592 | D:2      | Reached skill level 1 in Ranged Weapons
  1592 | D:2      | Reached skill level 1 in Throwing
  1592 | D:2      | Reached skill level 1 in Armour
  1592 | D:2      | Reached skill level 1 in Shields
  1592 | D:2      | Reached skill level 1 in Unarmed Combat
  1592 | D:2      | Reached skill level 1 in Evocations
  1672 | D:2      | Reached XP level 4. HP: 40/41 MP: 8/8
  2282 | D:3      | Reached skill level 1 in Conjurations
  2282 | D:3      | Reached skill level 1 in Hexes
  2282 | D:3      | Reached skill level 1 in Summonings
  2282 | D:3      | Reached skill level 1 in Necromancy
  2282 | D:3      | Reached skill level 1 in Translocations
  2282 | D:3      | Reached skill level 1 in Transmutations
  2282 | D:3      | Reached skill level 1 in Ice Magic
  2282 | D:3      | Reached skill level 1 in Air Magic
  2282 | D:3      | Reached skill level 1 in Earth Magic
  2282 | D:3      | Reached skill level 1 in Poison Magic
  3088 | D:4      | Noticed a lemure
  3088 | D:4      | Noticed a lemure
  3088 | D:4      | Noticed a lemure
  3128 | D:4      | Reached XP level 5. HP: 38/47 MP: 9/9
  3484 | D:4      | Reached XP level 6. HP: 48/53 MP: 9/11
  3683 | D:4      | Noticed Natasha
  3688 | D:4      | Killed Natasha
  3690 | D:4      | Reached ** piety under Yredelemnul
  3783 | D:4      | Noticed Natasha
  3791 | D:4      | Your ally Natasha died
  3796 | D:4      | Killed Natasha
  3954 | D:4      | Identified the +5 hand axe of a Gauntlet {antimagic, rF+
                  | Will+}
  4041 | D:4      | Noticed Pikel
  4041 | D:4      | Your ally Natasha died
  4065 | D:4      | Killed Pikel
  4066 | D:4      | Reached XP level 7. HP: 17/60 MP: 11/13
  4075 | D:4      | Noticed Natasha
  4243 | D:4      | Killed Natasha
  4420 | D:5      | Entered Level 5 of the Dungeon
  4480 | D:5      | Found the +5 woodcutter's axe
  4678 | D:5      | Reached XP level 8. HP: 61/67 MP: 4/14
  5224 | D:5      | Found an opulent altar of Gozag.
  5938 | D:6      | Found a glowing drain.
  5945 | Sewer    | Entered a sewer
  6150 | Sewer    | Reached *** piety under Yredelemnul
  6729 | D:6      | Identified the +6 spear of Bacutz {flame, rElec Int-2
                  | Stlth+}
  6862 | D:6      | Reached skill level 5 in Fire Magic
  6997 | D:7      | Noticed Maggie
  7053 | D:7      | Reached XP level 9. HP: 44/73 MP: 16/16
  7238 | D:7      | Killed Maggie
  7239 | D:7      | Reached skill level 5 in Spellcasting
  7618 | D:7      | Reached skill level 5 in Stealth
  7720 | D:7      | Found a staircase to the Ecumenical Temple.
  7850 | D:7      | Reached skill level 5 in Invocations
  8091 | D:7      | Found a hazy altar of Hepliaklqana.
  8263 | D:8      | Identified the +2 battleaxe "Pohiaduxus" {protect, rPois
                  | Str+3}
  8800 | D:8      | Noticed Prince Ribbit
  8817 | D:8      | Killed Prince Ribbit
  8818 | D:8      | Reached skill level 5 in Short Blades
  8818 | D:8      | Reached skill level 5 in Long Blades
  8818 | D:8      | Reached skill level 5 in Axes
  8818 | D:8      | Reached skill level 5 in Maces & Flails
  8818 | D:8      | Reached skill level 5 in Polearms
  8818 | D:8      | Reached skill level 5 in Staves
  8818 | D:8      | Reached skill level 5 in Ranged Weapons
  8818 | D:8      | Reached skill level 5 in Throwing
  8818 | D:8      | Reached skill level 5 in Armour
  8818 | D:8      | Reached skill level 5 in Shields
  8818 | D:8      | Reached skill level 5 in Unarmed Combat
  8818 | D:8      | Reached skill level 5 in Evocations
  8818 | D:8      | Reached XP level 10. HP: 62/81 MP: 18/18
  9741 | D:8      | Found a radiant altar of Vehumet.
  9741 | D:8      | Found a glowing silver altar of Zin.
  9741 | D:8      | Found an iron altar of Okawaru.
  9935 | D:8      | Identified a scroll of acquirement
  9935 | D:8      | Acquired the amulet "Nyosuix" {rElec Regen+ Dex+4 SInv
                  | Stlth-}
  9997 | D:9      | Noticed an orange demon
 10000 | D:9      | Noticed Amaemon
 10314 | D:9      | Noticed a two-headed ogre
 10321 | D:9      | Killed a two-headed ogre
 10327 | D:9      | You fall into a shaft and drop 2 floors!
 10351 | D:11     | Found a transporter.
 10353 | D:11     | Found a transporter.
 10355 | D:11     | Found a transporter.
 10382 | D:11     | Found a transporter.
 10385 | D:10     | Entered Level 10 of the Dungeon
 10385 | D:10     | Noticed a two-headed ogre
 10445 | D:10     | Killed a two-headed ogre
 10598 | D:9      | Reached skill level 5 in Conjurations
 10598 | D:9      | Reached skill level 5 in Hexes
 10598 | D:9      | Reached skill level 5 in Summonings
 10598 | D:9      | Reached skill level 5 in Necromancy
 10598 | D:9      | Reached skill level 5 in Translocations
 10598 | D:9      | Reached skill level 5 in Transmutations
 10598 | D:9      | Reached skill level 5 in Ice Magic
 10598 | D:9      | Reached skill level 5 in Air Magic
 10598 | D:9      | Reached skill level 5 in Earth Magic
 10598 | D:9      | Reached skill level 5 in Poison Magic
 10598 | D:9      | Reached XP level 11. HP: 65/89 MP: 21/21
 10859 | D:9      | Killed Amaemon
 11341 | D:10     | Found a staircase to the Lair.
 11360 | D:10     | Noticed a two-headed ogre
 11424 | D:10     | Noticed a four-headed hydra
 11425 | D:10     | Noticed a boulder beetle
 11436 | D:10     | Killed a four-headed hydra
 11437 | D:10     | Noticed a centaur warrior
 11450 | D:10     | Noticed a centaur warrior
 11463 | D:10     | Noticed a cyclops
 11464 | D:10     | Hit by a large rock thrown by a cyclops

Illustrated notes

Levels and vault maps discovered:
D:1:      psy_arrival_radial01, layout_loops_ring,
          ebering_ecumenical_altar_mist, lexackson_kobold_supper
D:2:      minmay_recursive_quarters, layout_rooms
D:3:      minmay_angry_zag, layout_loops_ring
D:4:      layout_loops_cross, uniq_pikel, uniq_natasha
D:5:      layout_loops_corners, mainiacjoe_overflow_alcove_2, serial_rivers,
          chequers_serial_rivers_small_a, chequers_serial_rivers_micro_e,
          chequers_serial_rivers_marsh, chequers_serial_rivers_room_a,
          chequers_serial_rivers_small_b
D:6:      layout_rooms, lightli_sewer_entry_pipes
D:7:      layout_loops_cross, mainiacjoe_overflow_24_doors,
          minmay_temple_entry_grid, uniq_maggie
D:8:      minmay_goldmine, layout_basic, gammafunk_temple_overflow_forgotten,
          uniq_prince_ribbit1
D:9:      layout_irregular_city, uniq_amaemon
D:10:     minmay_the_grid_triangle_9x9_recursive_2
          [minmay_the_grid_triangle_9x9_prize_insulated,
          minmay_the_grid_triangle_9x9_zippers_horizontal,
          minmay_the_grid_triangle_9x9_skeleton,
          minmay_the_grid_triangle_9x9_pentomino_pain], layout_cave_pools,
          lair_entry_dummy, minmay_ruffians
D:11:     layout_irregular_city, nicolae_diode_quadrants, uniq_snorg

Skill      XL: |  1  2  3  4  5  6  7  8  9 10 11 |
---------------+----------------------------------+-----
Invocations    | 1 2 3 4 5 6 7 |  7.1
Short Blades   | 1 2 3 5 6 |  6.5
Long Blades    | 1 2 3 5 6 |  6.5
Axes           | 1 2 3 5 6 |  6.5
Maces & Flails | 1 2 3 5 6 |  6.5
Polearms       | 1 2 3 5 6 |  6.5
Staves         | 1 2 3 5 6 |  6.5
Ranged Weapons | 1 2 3 5 6 |  6.5
Throwing       | 1 2 3 5 6 |  6.5
Armour         | 1 2 3 5 6 |  6.5
Shields        | 1 2 3 5 6 |  6.5
Unarmed Combat | 1 2 3 5 6 |  6.5
Evocations     | 1 2 3 5 6 |  6.5
Spellcasting   | 3 4 5 6 7 |  7.2
Conjurations   | 1 2 3 4 5 |  5.4
Hexes          | 1 2 3 4 5 |  5.4
Summonings     | 1 2 3 4 5 |  5.4
Necromancy     | 1 2 3 4 5 |  5.4
Translocations | 1 2 3 4 5 |  5.4
Transmutations | 1 2 3 4 5 |  5.4
Ice Magic      | 1 2 3 4 5 |  5.4
Air Magic      | 1 2 3 4 5 |  5.4
Earth Magic    | 1 2 3 4 5 |  5.4
Poison Magic   | 1 2 3 4 5 |  5.4
Fire Magic     | 4 5 6 |  6.7
Stealth        | 3 4 5 6 7 |  7.0
Fighting       | 7 8 9 |  9.3
Dodging        | 7 8 9 |  9.3

Action                   |  1- 3 |  4- 6 |  7- 9 | 10-12 || total
-------------------------+-------+-------+-------+-------++-------
Melee: Dagger            |   160 |    57 |       |       ||   217
       Bite              |    14 |    18 |    35 |    28 ||    95
       Punch             |     3 |     1 |     8 |    11 ||    23
       Quarterstaff      |       |   129 |       |       ||   129
       Hand axe          |       |       |   169 |       ||   169
       Whip              |       |       |     5 |       ||     5
       Spear             |       |       |   180 |   266 ||   446
Invok: Recall Undead Har |     1 |     1 |       |       ||     2
       Dark Bargain      |       |       |     1 |       ||     1
Evoke: Wand              |       |       |     4 |    16 ||    20
  Use: Scroll            |     3 |       |    12 |     4 ||    19
       Potion            |       |       |     1 |     5 ||     6
 Stab: Sleeping          |       |     5 |    12 |     6 ||    23
       Distracted        |       |     1 |     1 |     1 ||     3
Armor: Leather armour    |    37 |    53 |   102 |    67 ||   259
Dodge: Dodged            |   140 |   176 |   240 |   224 ||   780

Table legend: (Time is in decaauts)
 A = Elapsed time spent in this place.
 B = Non-inter-level travel time spent in this place.
 C = Inter-level travel time spent in this place.
 D = Time resting spent in this place.
 E = Time spent auto-exploring this place.
 F = Levels seen in this place.
 G = Mean time per level.
                   A        B        C        D        E       F      G
               +--------+--------+--------+--------+--------+-----+--------+
         Total |  11597 |  11225 |    372 |    223 |   8388 |  12 |  966.4 |
       Dungeon |  10875 |  10503 |    372 |    223 |   8018 |  11 |  988.6 |
         Sewer |    722 |    722 |      0 |      0 |    369 |   1 |  722.0 |
               +--------+--------+--------+--------+--------+-----+--------+

Top non-repeatable levels by time:
     D:8: 1746 daAuts
     D:4: 1349 daAuts
     D:1: 1280 daAuts
     D:5: 1220 daAuts
     D:7: 1137 daAuts
     D:9: 981 daAuts
     D:2: 958 daAuts
     D:6: 927 daAuts
     D:3: 856 daAuts
   Sewer: 722 daAuts
    D:10: 357 daAuts
    D:11: 59 daAuts
